 Dungeon Crawl Stone Soup version 0.27-a0-869-g165b36e3f0 (webtiles) character file.

Game seed: 8218836775320862023

1333 polve the Covert (level 8, -1/52 HPs)
             Began as an Octopode Fighter on Apr 2, 2021.
             Slain by a yak (5 damage)
             ... on level 9 of the Dungeon.
             The game lasted 00:04:54 (7051 turns).

polve the Covert (Octopode Fighter)                 Turns: 7051, Time: 00:04:55

Health: -1/52      AC:  1    Str: 15    XL:     8   Next: 61%
Magic:  8/8        EV: 11    Int: 11    God:
Gold:   221        SH: 12    Dex: 13    Spells: 7/7 levels left

rFire    . . .     SeeInvis .   a - +0 long sword
rCold    . . .     Faith    .   b - +4 kite shield
rNeg     . . .     Spirit   .   (helmet restricted)
rPois    .         Reflect  .   (no amulet)
rElec    .         Harm     .   (no ring)
rCorr    .         Rampage  .   (no ring)
Will     .....                  (no ring)
Stlth    +++++.....             (no ring)
HPRegen  0.17/turn              (no ring)
MPRegen  0.11/turn              (no ring)
                                (no ring)
                                (no ring)

@: no status effects
A: almost no armour, amphibious, 8 rings, camouflage 1, gelatinous body 1,
(nimble swimmer 1), tentacles
a: no special abilities


You were on level 9 of the Dungeon.
You visited 1 branch of the dungeon, and saw 7 of its levels.

You collected 221 gold pieces.

Inventory:

Hand Weapons
 a - a +0 long sword (weapon)
Armour
 b - a +4 kite shield (worn)
Jewellery
 h - a ring of willpower
Wands
 v - a wand of iceblast (11)
 w - a wand of random effects (13)
Scrolls
 d - a scroll of torment {unknown}
 e - a scroll of holy word {unknown}
 f - a scroll of immolation {unknown}
 i - 2 scrolls of teleportation
 o - a scroll of noise {unknown}
 q - a scroll of vulnerability {unknown}
 r - 2 scrolls of amnesia
 t - a scroll of magic mapping {unknown}
Potions
 c - a potion of might
 j - 2 potions of curing
 l - a potion of magic {unknown}
 m - a potion of flight {unknown}
 n - a potion of resistance {unknown}
 p - a potion of berserk rage {unknown}
 s - 4 potions of lignification
 u - a potion of heal wounds {unknown}


   Skills:
 - Level 3.0 Fighting
 + Level 7.6 Long Blades
 - Level 3.0 Dodging
 - Level 10.0 Stealth
 - Level 3.0 Shields


You had 7 spell levels left.
You didn't know any spells.
Your spell library contained the following spells:

 Spells                   Type           Power      Damage    Failure   Level
 Foxfire                  Conj/Fire      0%         2x1d4     86%         1
 Conjure Flame            Conj/Fire      0%         6-21      99%         3
 Inner Flame              Hex/Fire       0%         N/A       99%         3
 Sticky Flame             Conj/Fire      0%         2d3       100%        4
 Fireball                 Conj/Fire      0%         3d3       100%        5


Dungeon Overview and Level Annotations

Branches:
Dungeon (6/15)
 Temple: D:4-7

Altars:
Fedhas


Innate Abilities, Weirdness & Mutations

You cannot wear most types of armour.
You are amphibious.
You can wear up to eight rings at the same time.
Your skin changes colour to match your surroundings (Stealth+).
Your rubbery body absorbs attacks. (AC +1, EV +1)
((You are camouflaged near water. (Stealth+)))
You have tentacles for arms and can constrict up to eight enemies at once.


Message History

Found a pair of boots.
You fall into a shaft and drop 3 floors!
The shaft crumbles and collapses.
Found a stone staircase leading down. 4 yaks come into view.
The yak bellows!
The yak bellows! x2
The yak gores you! The yak gores you.
You closely miss the yak. Your squeeze misses the yak. The yak misses you.
You closely miss the yak. You block the yak's attack.
You slash the yak! You squeeze the yak.
The yak is moderately wounded.
You block the yak's attack.
You hit the yak but do no damage.
The yak is moderately wounded.
You block the yak's attack. The yak gores you!
You hit the yak.
The yak is moderately wounded.
You slash the yak! You squeeze the yak.
The yak is moderately wounded.
You hit the yak. You squeeze the yak.
The yak is heavily wounded.
You block the yak's attack. The yak gores you.
You hit the yak.
The yak is heavily wounded.
You block the yak's attack.
You hit the yak.
The yak is heavily wounded.
You block the yak's attack.
You hit the yak. You squeeze the yak, but do no damage.
The yak is severely wounded.
The yak gores you!
* * * LOW HITPOINT WARNING * * *
You hit the yak. Your squeeze misses the yak.
The yak is severely wounded.
The yak gores you!
* * * LOW HITPOINT WARNING * * *
The yak gores you.
You die...

..........#
.........#
.........#
#......# #......#
#Y.....# #......#
.#########Y.....#
.......@YYY.....#
##########......#
+......+ #......#
########


You could see 4 yaks.

Vanquished Creatures
  Pikel (D:5)
  Eustachio (D:4)
  Menkaure (D:6)
  Edmund (D:6)
  An ogre (D:5)
  2 lemures (D:5)
  A scorpion (D:4)
  A water moccasin zombie (D:5)
  A hound (D:4)
  2 iguanas (D:5)
  A howler monkey zombie (D:5)
  2 howler monkey skeletons
  3 adders
  A shadow imp (D:5)
  A white imp (D:5)
  An ufetubus (D:5)
  A worm (D:2)
  7 dart slugs
  21 orcs
  3 endoplasms
  4 giant cockroaches
  9 goblins
  8 hobgoblins
  12 jackals (D:1)
  8 kobolds
  5 quokkas
  6 ball pythons
  3 bats
  4 frilled lizards
  3 rats
115 creatures vanquished.

Notes
Turn   | Place    | Note
-------+----------+-------------------------------------------
     0 | D:1      | polve the Octopode Fighter began the quest for the Orb.
     0 | D:1      | Reached XP level 1. HP: 16/16 MP: 1/1
     5 | D:1      | Found a faded altar of an unknown god.
    18 | D:1      | Reached skill level 1 in Stealth
   118 | D:1      | Reached XP level 2. HP: 11/21 MP: 2/2
   217 | D:1      | Reached skill level 2 in Stealth
   640 | D:1      | Reached XP level 3. HP: 20/26 MP: 3/3
  1044 | D:1      | Reached skill level 3 in Stealth
  1553 | D:2      | Reached XP level 4. HP: 11/31 MP: 4/4
  2464 | D:3      | Reached skill level 4 in Stealth
  3109 | D:3      | Reached XP level 5. HP: 33/36 MP: 5/5
  3624 | D:4      | Noticed Eustachio
  3632 | D:4      | HP: 1/36 [Eustachio/+0 falchion (9)]
  3632 | D:4      | Killed Eustachio
  3633 | D:4      | Reached skill level 6 in Stealth
  3633 | D:4      | Reached XP level 6. HP: 2/42 MP: 6/6
  4160 | D:4      | Reached skill level 5 in Long Blades
  4883 | D:5      | Entered Level 5 of the Dungeon
  5245 | D:5      | Reached XP level 7. HP: 46/46 MP: 7/7
  5388 | D:5      | Reached skill level 7 in Stealth
  5721 | D:5      | Noticed Pikel
  5760 | D:5      | Paralysed by Pikel for 2 turns
  5766 | D:5      | Paralysed by Pikel for 4 turns
  6629 | D:5      | Killed Pikel
  6630 | D:5      | Reached skill level 9 in Stealth
  6630 | D:5      | Reached XP level 8. HP: 38/52 MP: 8/8
  6740 | D:6      | Noticed Menkaure
  6751 | D:6      | Killed Menkaure
  6887 | D:6      | Noticed Edmund
  6900 | D:6      | Killed Edmund
  6901 | D:6      | Reached skill level 10 in Stealth
  7027 | D:6      | Found a blossoming altar of Fedhas.
  7032 | D:6      | You fall into a shaft and drop 3 floors!
  7033 | D:9      | Noticed a yak
  7033 | D:9      | Noticed a yak
  7033 | D:9      | Noticed a yak
  7033 | D:9      | Noticed a yak
  7051 | D:9      | Slain by a yak

Illustrated notes

Levels and vault maps discovered:
D:1:      scummos_arrival_simple_crosswalls, layout_basic,
          ebering_ecumenical_altar_rust, minmay_crystal_room
D:2:      layout_basic, grunt_ministairs_5
D:3:      layout_rooms, minmay_liquid_box, kennysheep_decorative_pillar
D:4:      layout_gridville, minmay_misc_feat_room, uniq_eustachio
D:5:      layout_loops_corners, mrwooster_statue_mirror,
          kennysheep_small_circle, uniq_pikel
D:6:      layout_gridville, kennysheep_little_box, temple_green, serial_shops,
          nicolae_shop_statue_plus, uniq_edmund, uniq_grinder, uniq_menkaure
D:9:      layout_basic, kennysheep_mini, old_standard_altar, serial_shops, shop

Skill      XL: |  1  2  3  4  5  6  7  8 |
---------------+-------------------------+-----
Stealth        | 1 2 3 4 6 9 10 | 10.0
Long Blades    | 3 4 5 7 |  7.6
Fighting       | |  3.0
Dodging        | |  3.0
Shields        | |  3.0

Action                   |  1- 3 |  4- 6 |  7- 9 || total
-------------------------+-------+-------+-------++-------
Melee: Long sword        |    62 |    99 |    76 ||   237
       Tentacles         |    15 |    23 |    23 ||    61
       Constrict         |    19 |    26 |    16 ||    61
  Use: Scroll            |       |       |     9 ||     9
 Stab: Sleeping          |     9 |    17 |     5 ||    31
Armor: Skin              |     2 |     5 |     3 ||    10
Dodge: Dodged            |    35 |    44 |    22 ||   101
Block: Kite shield       |    23 |    38 |    25 ||    86
       Rpst.: Long sword |    12 |    13 |     8 ||    33

Table legend: (Time is in decaauts)
 A = Elapsed time spent in this place.
 B = Non-inter-level travel time spent in this place.
 C = Inter-level travel time spent in this place.
 D = Time resting spent in this place.
 E = Time spent auto-exploring this place.
 F = Levels seen in this place.
 G = Mean time per level.
                   A        B        C        D        E       F      G
               +--------+--------+--------+--------+--------+-----+--------+
         Total |   7159 |   6999 |    160 |      0 |   6063 |   7 | 1022.7 |
       Dungeon |   7159 |   6999 |    160 |      0 |   6063 |   7 | 1022.7 |
               +--------+--------+--------+--------+--------+-----+--------+

Top non-repeatable levels by time:
     D:4: 1865 daAuts
     D:5: 1622 daAuts
     D:1: 1327 daAuts
     D:2: 1172 daAuts
     D:3: 831 daAuts
     D:6: 317 daAuts
     D:9: 21 daAuts
